 Dungeon Crawl Stone Soup version 0.21.1-1-g345015f (webtiles) character file.

4326 inc the Carver (level 10, -15/66 HPs)
             Began as an Octopode Ice Elementalist on June 17, 2018.
             Was an Initiate of Gozag.
             Demolished by a white ugly thing (18 damage)
             ... on level 11 of the Dungeon.
             The game lasted 00:19:53 (8655 turns).

inc the Carver (Octopode Ice Elementalist)          Turns: 8655, Time: 00:19:56

Health: -15/66     AC:  2    Str: 16    XL:     10   Next: 33%
Magic:  13/13      EV:  9    Int: 21    God:    Gozag
Gold:   694        SH:  7    Dex: 15    Spells: 3/13 levels left

rFire    . . .     SeeInvis +   a - +8 demon blade "Leech" {vamp, rN+ AC-3 EV-3}
rCold    . . .     Gourm    .   E - +0 buckler
rNeg     + . .     Faith    .   j - +2 hat
rPois    .         Spirit   .   s - +2 amulet of reflection
rElec    .         Reflect  +   m - +3 ring of dexterity
rCorr    .         Harm     .   C - +3 ring of strength
MR       .....                  J - ring of see invisible
Stlth    ++++......             (no ring)
HPRegen  0.21/turn              (no ring)
MPRegen  0.13/turn              (no ring)
                                (no ring)
                                (no ring)

@: mighty, heavily drained
A: almost no armour, stealthy swim, amphibious, 8 rings, constrict 8, iridescent
scales 1, camouflage 1, mutation resistance 1, gelatinous body 1
a: Potion Petition, Call Merchant, Bribe Branch, Renounce Religion


You were on level 11 of the Dungeon.
You worshipped Gozag.
Gozag was pleased with you.
You were not hungry.

You visited 2 branches of the dungeon, and saw 11 of its levels.
You also visited: Sewer.

You collected 1012 gold pieces.
You spent 205 gold pieces at shops.
You paid 113 gold pieces to Gozag.

Inventory:

Hand Weapons
 a - the +8 demon blade "Leech" (weapon) {vamp, rN+ AC-3 EV-3}
   (You found it on level 5 of the Dungeon)

   It inflicts no extra harm, but heals its wielder when it wounds a living foe.
   It affects your AC (-3).
   It affects your evasion (-3).
   It protects you from negative energy.
 b - a +0 blowgun
 l - a +0 short sword
 q - a +1 short sword of speed
Missiles
 t - 29 poisoned needles
Armour
 j - a +2 hat (worn)
 E - a +0 buckler (worn)
Jewellery
 m - a +3 ring of dexterity (left tentacle)
 s - a +2 amulet of reflection (around mantle)
 x - an uncursed amulet of rage
 C - a +3 ring of strength (right tentacle)
 F - an uncursed amulet of harm
 J - a ring of see invisible (on tentacle)
 P - an uncursed amulet of the gourmand
Wands
 n - a wand of polymorph (13)
 G - a wand of scattershot (7)
 M - a wand of iceblast (11)
Scrolls
 e - 2 scrolls of fog
 f - 3 scrolls of enchant armour
 k - 5 scrolls of identify {unknown}
 p - 2 scrolls of fear
 u - 5 scrolls of teleportation
 v - 2 scrolls of random uselessness {unknown}
 w - a scroll of noise {unknown}
 B - a scroll of amnesia {unknown}
 K - a scroll of holy word {unknown}
 L - 3 scrolls of remove curse
 N - 2 scrolls of immolation
Potions
 d - 4 potions of curing
 g - 2 potions of flight {unknown}
 h - 3 potions of might
 o - a potion of magic {unknown}
 r - 3 potions of haste
 z - 2 potions of agility {unknown}
 A - a potion of berserk rage {unknown}
 H - 2 potions of lignification {unknown}
 I - 2 potions of cancellation
 O - a potion of ambrosia {unknown}
Books
 i - a book of Debilitation

   Spells                             Type                      Level
   a - Corona                         Hexes                        1
   b - Slow                           Hexes                        2
   c - Inner Flame                    Hexes/Fire                   3
   d - Portal Projectile              Hexes/Translocation          3
   e - Cause Fear                     Hexes                        4
   f - Leda's Liquefaction            Hexes/Earth                  4
 y - a book of Geomancy

   Spells                             Type                      Level
   a - Sandblast                      Earth                        1
   b - Passwall                       Transmutation/Earth          2
   c - Stone Arrow                    Conjuration/Earth            3
   d - Petrify                        Transmutation/Earth          4
   e - Lee's Rapid Deconstruction     Earth                        5
 D - a book of Frost

   Spells                             Type                      Level
   a - Freeze                         Ice                          1
   b - Throw Frost                    Conjuration/Ice              2
   c - Ozocubu's Armour               Charms/Ice                   3
   d - Throw Icicle                   Conjuration/Ice              4
   e - Summon Ice Beast               Ice/Summoning                4
Comestibles
 c - 11 rations


   Skills:
 - Level 5.2(3.8) Fighting
 + Level 9.4(7.8) Long Blades
 - Level 2.0(0.7) Dodging
 - Level 6.8(5.3) Stealth
 - Level 4.6(3.2) Shields
 - Level 2.4(1.1) Spellcasting
 - Level 2.1(0.8) Conjurations
 - Level 3.1(1.7) Charms
 - Level 6.8(5.3) Ice Magic


You had 3 spell levels left.
You knew the following spells:

 Your Spells              Type           Power        Failure   Level  Hunger
a - Freeze                Ice            ###.         1%          1    ##.....
b - Ozocubu's Armour      Chrm/Ice       ###.....     12%         3    ####...
c - Throw Frost           Conj/Ice       ##....       8%          2    ###....
d - Throw Icicle          Conj/Ice       ##......     45%         4    #####..


Dungeon Overview and Level Annotations

Branches:
Dungeon (9/15)             Temple (1/1) D:7            Lair (0/6) D:8
    Orc: D:9-12

Altars:
Ashenzari
Cheibriados
Dithmenos
Elyvilon
Fedhas
Gozag
Hepliaklqana
Kikubaaqudgha
Makhleb
Nemelex Xobeh
Okawaru
Qazlal
Ru
Sif Muna
Trog
Uskayaw
Vehumet
Wu Jian
Xom
Yredelemnul
Zin
The Shining One

Shops:
D:4 [   D:6 }   D:11 *

Annotations:
D:3 Iko's ghost, weakling BaAM


Innate Abilities, Weirdness & Mutations

You cannot wear most types of armour.
You are very stealthy in the water. (Stealth+)
You are amphibious.
You can wear up to eight rings at the same time.
You can use your tentacles to constrict eight enemies at once.
Your skin changes colour to match your surroundings (Stealth+).
Your rubbery body absorbs attacks. (AC +1, EV +1)
You are partially covered in iridescent scales. (AC +2)
You are somewhat resistant to further mutation.


Message History

Okay, then.
You feel very mighty all of a sudden.
You barely miss the white ugly thing. You grab the white ugly thing.
You constrict the white ugly thing. The white ugly thing tail-slaps you!
The white ugly thing freezes you!!
You slice the white ugly thing!!
You feel better.
The white ugly thing is moderately wounded.
You constrict the white ugly thing. The white ugly thing tail-slaps you.
The white ugly thing freezes you!!
* * * LOW HITPOINT WARNING * * *
Unknown command.
Okay, then.
As you read the scroll of fear, it crumbles to dust.
You assume a fearsome visage.
The white ugly thing easily resists.
The necrophage is unaffected.
The manticore looks frightened!
You constrict the white ugly thing. The white ugly thing tail-slaps you.
* * * LOW HITPOINT WARNING * * *
The white ugly thing freezes you!!
You die...
Your body crumbles into a pile of gold.

################
............nu.#
#...........#@#
#...........♣.#
#.....n...♣.∩.♣
#...........♣##
#........S..#
#...........#
#...........#
#...........#
....


You could see a white ugly thing and a necrophage.

Vanquished Creatures
  A spriggan (D:7)
  Sigmund (D:6)
  6 humans (D:6)
  A hungry ghost (D:8)
  Edmund (D:4)
  A water moccasin (D:9)
  4 ice beasts
  3 black bears
  The ghost of Iko the Ducker, an amateur DDMo (D:8)
  A sky beast (D:5)
  4 ogres
  A necrophage (D:6)
  A big kobold (Sewer)
  A bullfrog (D:8)
  A scorpion (D:7)
  6 killer bees (D:8)
  A howler monkey (D:6)
  2 crimson imps
  A centaur zombie (D:7)
  A jelly (D:9)
  2 centaur skeletons
  An orc priest (D:8)
  6 hounds
  Terence (D:3)
  3 iguanas
  Natasha (thrice) (D:3)
  3 orc wizards
  6 worker ants
  2 hound zombies
  A hound skeleton (D:4)
  A worker ant zombie (D:5)
  10 adders
  2 river rats
  3 shadow imps
  2 adder skeletons
  6 worms
  A dart slug (D:1)
  6 leopard geckos
  13 orcs
  5 ball pythons
  3 giant cockroaches (D:4)
  A goblin (D:1)
  4 hobgoblins
  4 jackals (D:4)
  4 quokkas
  2 bats
  3 frilled lizards
  10 kobolds
  2 quokka skeletons
  8 rats
  2 butterflies (D:7)
159 creatures vanquished.

Notes
Turn   | Place    | Note
-------+----------+-------------------------------------------
     0 | D:1      | inc the Octopode Ice Elementalist began the quest for the Orb.
     0 | D:1      | Reached XP level 1. HP: 11/11 MP: 3/3
   217 | D:1      | Reached skill level 1 in Fighting
   390 | D:1      | Reached XP level 2. HP: 10/18 MP: 5/5
  1463 | D:2      | Found a blossoming altar of Fedhas.
  1594 | D:3      | Noticed Iko's ghost (weakling BaAM)
  1606 | D:3      | Noticed Terence
  1613 | D:3      | Killed Terence
  1613 | D:3      | Reached XP level 3. HP: 10/26 MP: 0/6
  1818 | D:3      | Noticed Natasha
  1824 | D:3      | Killed Natasha
  1824 | D:3      | Reached XP level 4. HP: 30/33 MP: 4/7
  1829 | D:3      | Learned a level 3 spell: Ozocubu's Armour
  2069 | D:3      | Reached XP level 5. HP: 35/38 MP: 8/8
  2072 | D:3      | Noticed Natasha
  2090 | D:3      | Killed Natasha
  2096 | D:3      | Gained mutation: You are somewhat resistant to further mutation. [potion of mutation]
  2096 | D:3      | Gained mutation: You are partially covered in iridescent scales. (AC +2) [potion of mutation]
  2456 | D:3      | Noticed Natasha
  2463 | D:3      | Killed Natasha
  2463 | D:3      | Reached skill level 5 in Fighting
  2543 | D:4      | Found a glowing drain.
  2579 | Sewer    | Entered a sewer
  2673 | Sewer    | Reached skill level 1 in Charms
  2828 | Sewer    | Reached XP level 6. HP: 45/45 MP: 2/9
  3481 | D:5      | Entered Level 5 of the Dungeon
  3495 | D:4      | Found Tuliluic's Armour Shoppe.
  3498 | D:4      | Bought a +2 hat for 160 gold pieces
  3617 | D:4      | Noticed Edmund
  3643 | D:4      | Killed Edmund
  3643 | D:4      | Reached skill level 5 in Stealth
  3643 | D:4      | Reached XP level 7. HP: 6/50 MP: 1/10
  3936 | D:4      | Learned a level 2 spell: Throw Frost
  3941 | D:4      | Learned a level 4 spell: Throw Icicle
  4659 | D:5      | Reached XP level 8. HP: 29/55 MP: 5/11
  4851 | D:6      | Found a burning altar of Makhleb.
  4853 | D:6      | Found an opulent altar of Gozag.
  4859 | D:6      | Found an iron altar of Okawaru.
  4938 | D:6      | Reached skill level 5 in Ice Magic
  4967 | D:6      | Noticed Sigmund
  4982 | D:6      | Killed Sigmund
  5324 | D:6      | Became a worshipper of Gozag Ym Sagoz the Greedy
  5457 | D:5      | Found the +8 demon blade "Leech" {vamp, rN+ AC-3 EV-3}
  5592 | D:4      | Bought a +0 buckler for 45 gold pieces
  5856 | D:6      | Reached skill level 1 in Shields
  6093 | D:6      | Found Pulah's Gadget Shop.
  6143 | D:6      | Reached XP level 9. HP: 61/61 MP: 12/12
  6149 | D:6      | Reached skill level 2 in Long Blades
  6154 | D:6      | Reached skill level 3 in Long Blades
  6223 | D:6      | Reached skill level 4 in Long Blades
  6226 | D:6      | Found a shimmering altar of Xom.
  6522 | D:7      | Reached skill level 5 in Long Blades
  6571 | D:7      | Found a staircase to the Ecumenical Temple.
  6883 | D:7      | Reached skill level 6 in Long Blades
  6979 | D:8      | Noticed Iko's ghost (amateur DDMo)
  7183 | D:8      | Reached skill level 7 in Long Blades
  7469 | D:8      | Reached XP level 10. HP: 66/66 MP: 13/13
  7498 | D:8      | Found a staircase to the Lair.
  7628 | D:8      | Killed Iko's ghost
  7628 | D:8      | Reached skill level 8 in Long Blades
  8069 | Temple   | Entered the Ecumenical Temple
  8148 | D:9      | Reached skill level 9 in Long Blades
  8642 | D:9      | You fall through a shaft for 2 floors!
  8642 | D:11     | Found Owownirap's Assorted Antiques.
  8642 | D:11     | Noticed a white ugly thing
  8649 | D:11     | Noticed a manticore
  8655 | D:11     | HP: 3/66 [white ugly thing (4)]
  8655 | D:11     | Demolished by a white ugly thing

Skill      XL: |  1  2  3  4  5  6  7  8  9 10 |
---------------+-------------------------------+-----
Fighting       | 1 3 4 5 |  5.2
Charms         | 1 3 |  3.1
Stealth        | 5 6 |  6.8
Conjurations   | 2 |  2.1
Ice Magic      | 4 6 |  6.8
Shields        | 4 |  4.6
Long Blades    | 7 9 |  9.4
Dodging        | |  2.0
Spellcasting   | |  2.4

Action                   |  1- 3 |  4- 6 |  7- 9 | 10-12 || total
-------------------------+-------+-------+-------+-------++-------
Melee: Unarmed           |    58 |       |       |       ||    58
       Constrict         |    19 |    27 |    37 |    10 ||    93
       Tentacles         |    13 |    18 |    49 |     7 ||    87
       Short sword       |     1 |   101 |   137 |       ||   239
       Demon blade       |       |       |   100 |    46 ||   146
 Cast: Freeze            |     7 |    63 |    44 |     1 ||   115
       Ozocubu's Armour  |       |    10 |    15 |     4 ||    29
  Use: Potion            |       |     6 |       |     2 ||     8
       Scroll            |       |     7 |       |     1 ||     8
 Stab: Sleeping          |     9 |     8 |    13 |     3 ||    33
       Distracted        |       |       |     2 |       ||     2
  Eat: Chunk             |     3 |     8 |     6 |       ||    17
       Ration            |       |       |     5 |     2 ||     7
Armor: Skin              |     4 |    22 |    40 |     9 ||    75
Dodge: Dodged            |    33 |    70 |   100 |    13 ||   216
Block: Other             |     2 |     3 |     5 |       ||    10
       Buckler           |       |       |    25 |    10 ||    35
       Reflection        |       |       |     2 |       ||     2
       Rpst.: Demon blade |       |       |     7 |     4 ||    11
